 Dungeon Crawl Stone Soup version 0.27-a0-972-gd1521fd518 (webtiles) character file.

Game seed: 10039106564049108753

924 kae the Ruffian (level 7, 0/57 HPs)
             Began as a White Draconian Transmuter on Apr 13, 2021.
             Slain by Dowan
             ... wielding a +1 dagger of venom
              (6 damage)
             ... on level 5 of the Dungeon.
             The game lasted 00:03:00 (5984 turns).

kae the Ruffian (White Draconian Transmuter)        Turns: 5984, Time: 00:03:01

Health: 0/57       AC:  2    Str: 19    XL:     7   Next: 84%
Magic:  9/12       EV: 20    Int: 15    God:
Gold:   160        SH:  0    Dex: 16    Spells: 4/12 levels left

rFire    . . .     SeeInvis +     - Unarmed
rCold    . . .     Faith    .   (shield currently unavailable)
rNeg     . . .     Spirit   .   (armour unavailable)
rPois    x         Reflect  .   (helmet currently unavailable)
rElec    .         Harm     .   (cloak currently unavailable)
rCorr    .         Rampage  .   (gloves currently unavailable)
Will     .....                  (boots currently unavailable)
Stlth    +.........             (no amulet)
HPRegen  0.19/turn              k - +6 ring of strength
MPRegen  0.13/turn              g - ring of see invisible

@: lethally poisoned (0 -> -34), spider-form
A: venomous fangs, (breathe frost), AC +6, tiny, unfitting armour, (cold
resistance 1), (cold-blooded)
a: End Transformation


You were on level 5 of the Dungeon.
You were a venomous arachnid creature.
You visited 1 branch of the dungeon, and saw 5 of its levels.

You collected 160 gold pieces.

Inventory:

Jewellery
 g - a ring of see invisible (right front leg)
 k - a +6 ring of strength (left front leg)
 l - a ring of wizardry
 o - a ring of resist corrosion
Scrolls
 f - a scroll of fog
Potions
 a - 2 potions of curing
 b - 2 potions of heal wounds
 c - a potion of magic
 d - a potion of brilliance
 e - 2 potions of lignification {unknown}
 h - a potion of might {unknown}
 j - a potion of flight {unknown}
 n - a potion of ambrosia {unknown}


   Skills:
 + Level 3.2 Fighting
 + Level 3.3 Dodging
 * Level 5.3 Unarmed Combat
 + Level 3.3 Spellcasting
 * Level 4.8 Transmutations
 * Level 2.8 Ice Magic
 - Level 2.0 Poison Magic


You had 4 spell levels left.
You knew the following spells:

 Your Spells              Type           Power      Damage    Failure   Level
a - Beastly Appendage     Tmut           34%        N/A       10%         1
b - Spider Form           Tmut/Pois      6%         N/A       32%         3
c - Ice Form              Ice/Tmut       13%        N/A       61%         4

Your spell library contained the following spells:

 Spells                   Type           Power      Damage    Failure   Level
 Wereblood                Tmut           17%        N/A       13%         2
 Confusing Touch          Hex            2%         N/A       71%         3
 Gell's Gravitas          Tloc           1%         N/A       71%         3
 Petrify                  Tmut/Erth      9%         N/A       77%         4
 Hydra Form               Tmut           8%         N/A       78%         5
 Yara's Violent Unravell  Hex/Tmut       4%         3d4       97%         5
 Metabolic Englaciation   Hex/Ice        3%         N/A       99%         5


Dungeon Overview and Level Annotations

Branches:
Dungeon (5/15)
 Temple: D:4-7

Altars:
Sif Muna

Shops:
D:2 (

Annotations:
D:3 3 runed translucent doors, Lanoc's ghost, amateur PaFE; gus3d's ghost, amateur OpMo; kae's ghost, novice DrTm
D:5 Dowan


Innate Abilities, Weirdness & Mutations

You are a venomous arachnid creature.
You have poisonous fangs.
You are tiny and dextrous.
Your spellcasting is less reliable in this form.
Your armour is entirely melded.
You are incapable of wielding weapons or throwing items.
((You can breathe waves of freezing cold which knock back foes.))
((Your icy white scales are hard. (AC +6)))
You cannot fit into any form of body armour.
((Your flesh is cold resistant. (rC+)))
((You are cold-blooded and may be slowed by cold attacks.))


Message History

Duvessa is heavily wounded.
Duvessa barely misses you.
You barely miss Duvessa.
Duvessa is heavily wounded.
Duvessa closely misses you.
You hit Duvessa but do no damage.
Duvessa looks as sick as possible!
Duvessa is severely wounded.
Duvessa misses you.
You barely miss Duvessa.
Duvessa is severely wounded.
Dowan, Brother of Duvessa comes into view.
He is wielding a +1 dagger of venom and wearing a +1 robe of fire resistance.
Duvessa hits you with a +0 short sword.
Dowan shouts!
You hit Duvessa.
Duvessa is almost dead.
Duvessa hits you with a +0 short sword!
You hit Duvessa.
You kill Duvessa!
Dowan's eyes darken. "You have made a black mistake."
Dowan seems to find hidden reserves of power!
You hit Dowan but do no damage. Dowan barely misses you.
Dowan hits you with a +1 dagger of venom.
You hit Dowan but do no damage.
Dowan is poisoned.
Dowan hits you with a +1 dagger of venom.
You are poisoned.
You bite Dowan!
Dowan looks as sick as possible!
Dowan is heavily wounded.
You feel very sick.
Dowan hits you with a +1 dagger of venom.
You are lethally poisoned!
You are too injured to fight recklessly!
You are too injured to fight recklessly!
You bite Dowan!
Dowan is almost dead.
You feel extremely sick.
Dowan points at you and mumbles some strange words.
The stone arrow hits you!!
* * * LOW HITPOINT WARNING * * *
Dowan hits you with a +1 dagger of venom.
You die...

#.####..# #.#
#.......###.########
#...##.#.#......
#######.....###..#
.........###.#.###
#######.## ##.## #.
#.# #.#
#.###.#####.#
#es........#
#.###.####### #. #.#
# #.# ..# ... .### .


You could see Dowan (fast, extremely poisoned).

Vanquished Creatures
  Grinder (D:3)
  Duvessa (D:5)
  An ogre (D:4)
  A phantom (D:5)
  A scorpion (D:4)
  A hound (D:4)
  A centaur skeleton (D:4)
  An iguana (D:5)
  4 orc wizards
  A hound skeleton (D:4)
  4 gnolls
  6 adders
  A white imp (D:5)
  2 ufetubi
  An adder skeleton (D:4)
  2 dart slugs (D:2)
  7 orcs
  10 ball pythons
  6 endoplasms
  5 giant cockroaches
  2 goblins (D:1)
  7 hobgoblins
  6 jackals
  6 kobolds
  3 quokkas
  8 bats
  A frilled lizard (D:1)
  5 rats
95 creatures vanquished.

Notes
Turn   | Place    | Note
-------+----------+-------------------------------------------
     0 | D:1      | kae the Draconian Transmuter began the quest for the Orb.
     0 | D:1      | Reached XP level 1. HP: 16/16 MP: 3/3
   267 | D:1      | Reached XP level 2. HP: 23/23 MP: 3/5
   685 | D:1      | You fall into a shaft and drop 1 floor!
   897 | D:1      | Reached XP level 3. HP: 25/28 MP: 4/6
  1522 | D:1      | Learned a level 3 spell: Spider Form
  1985 | D:2      | Reached XP level 4. HP: 27/36 MP: 3/7
  2496 | D:2      | Found Geibu's Antique Weapon Boutique.
  2664 | D:3      | Reached skill level 1 in Poison Magic
  3034 | D:3      | Noticed Grinder
  3060 | D:3      | Reached XP level 5. HP: 32/41 MP: 3/8
  3081 | D:3      | Paralysed by Grinder for 7 turns
  3092 | D:3      | Killed Grinder
  3093 | D:3      | Reached skill level 4 in Unarmed Combat
  3093 | D:3      | Reached XP level 6. HP: 13/50 MP: 2/10
  3505 | D:3      | Found a faded altar of an unknown god.
  3669 | D:3      | Found a runed translucent gate.
  3671 | D:3      | Found a runed translucent gate.
  3672 | D:3      | Found a runed translucent gate.
  3680 | D:3      | Noticed kae's ghost (novice DrTm)
  3680 | D:3      | Noticed gus3d's ghost (amateur OpMo)
  3681 | D:3      | Noticed Lanoc's ghost (amateur PaFE)
  4055 | D:4      | Learned a level 4 spell: Ice Form
  4083 | D:4      | Your scales start taking on an icy white colour.
  4083 | D:4      | Reached XP level 7. HP: 56/56 MP: 7/11
  4083 | D:4      | Gained mutation: Your flesh is cold resistant. (rC+) [White
                  | Draconian growth]
  4176 | D:4      | Reached skill level 1 in Ice Magic
  4831 | D:4      | Found a shimmering blue altar of Sif Muna.
  5126 | D:4      | Reached skill level 5 in Unarmed Combat
  5319 | D:5      | Entered Level 5 of the Dungeon
  5968 | D:5      | Noticed Duvessa
  5978 | D:5      | Noticed Dowan
  5980 | D:5      | Killed Duvessa
  5984 | D:5      | Slain by Dowan

Illustrated notes

Levels and vault maps discovered:
D:1:      heliophobic_arrival_henge, layout_loops_corners,
          minmay_misc_feat_nine_boxes
D:2:      layout_loops_ring, serial_shops, shop
D:3:      layout_basic, gammafunk_ghost_cemetery,
          hellmonk_ecumenical_altar_slurped_away, uniq_grinder
D:4:      layout_rooms, kennysheep_orc_sif_temple
D:5:      layout_loops_ring, uniq_duvessa

Skill      XL: |  1  2  3  4  5  6  7 |
---------------+----------------------+-----
Dodging        | 2 3 |  3.3
Poison Magic   | 1 2 |  2.0
Transmutations | 3 4 |  4.8
Fighting       | 2 3 |  3.2
Unarmed Combat | 4 5 |  5.3
Spellcasting   | 3 |  3.3
Ice Magic      | 2 |  2.8

Action                   |  1- 3 |  4- 6 |  7- 9 || total
-------------------------+-------+-------+-------++-------
Melee: Unarmed           |    81 |   131 |   104 ||   316
       Kick              |    11 |    12 |       ||    23
       Tailslap          |     6 |     6 |     2 ||    14
       Headbutt          |     4 |     6 |       ||    10
       Punch             |       |     1 |     1 ||     2
 Cast: Beastly Appendage |    14 |    15 |       ||    29
       Spider Form       |     3 |     5 |    12 ||    20
  Use: Scroll            |     1 |     4 |     2 ||     7
       Potion            |       |     3 |       ||     3
 Stab: Sleeping          |     1 |     2 |       ||     3
Armor: Skin              |    26 |    30 |    10 ||    66
Dodge: Dodged            |    70 |   100 |    80 ||   250

Table legend: (Time is in decaauts)
 A = Elapsed time spent in this place.
 B = Non-inter-level travel time spent in this place.
 C = Inter-level travel time spent in this place.
 D = Time resting spent in this place.
 E = Time spent auto-exploring this place.
 F = Levels seen in this place.
 G = Mean time per level.
                   A        B        C        D        E       F      G
               +--------+--------+--------+--------+--------+-----+--------+
         Total |   5948 |   5861 |     87 |    445 |   4699 |   5 | 1189.6 |
       Dungeon |   5948 |   5861 |     87 |    445 |   4699 |   5 | 1189.6 |
               +--------+--------+--------+--------+--------+-----+--------+

Top non-repeatable levels by time:
     D:1: 1634 daAuts
     D:4: 1396 daAuts
     D:3: 1250 daAuts
     D:2: 1006 daAuts
     D:5: 659 daAuts
